 Dungeon Crawl Stone Soup version 0.26-a0-1184-g95e395e029 (webtiles) character file.

Game seed: 16147951358959891122

17922 Frask the Swashbuckler (level 12, -17/112 HPs)
             Began as a Minotaur Monk on Dec 27, 2020.
             Was a High Priest of Okawaru.
             Killed from afar by a hellion (24 damage)
             ... with damnation
             ... on level 3 of the Abyss.
             The game lasted 00:53:11 (11129 turns).

Frask the Swashbuckler (Minotaur Monk)             Turns: 11129, Time: 00:53:11

Health: -17/112    AC: 14    Str: 20    XL:     12   Next: 23%
Magic:  11/11      EV: 13    Int:  7    God:    Okawaru [*****.]
Gold:   715        SH:  4    Dex: 14    Spells: 11/11 levels left

rFire    . . .     SeeInvis .   f - +0 dagger (holy)
rCold    . . .     Faith    .   (no shield)
rNeg     + . .     Spirit   .   p - +0 pearl dragon scales
rPois    .         Reflect  .   (helmet restricted)
rElec    .         Harm     .   (no cloak)
rCorr    .         Rampage  .   (no gloves)
Will     .....     Clarity  +   (no boots)
Stlth    +.........             g - amulet of regeneration
HPRegen  0.68/turn              (no ring)
MPRegen  0.12/turn              (no ring)

@: no status effects
A: retaliatory headbutt, horns 2, icy blue scales 1, large bone plates 1, blurry
vision 1, clarity, sturdy frame 1
a: Renounce Religion, Heroism, Finesse


You were on level 3 of the Abyss.
You worshipped Okawaru.
Okawaru was extremely pleased with you.
You visited 3 branches of the dungeon, and saw 13 of its levels.
You visited the Abyss 1 time.

You collected 890 gold pieces.
You spent 175 gold pieces at shops.

Inventory:

Hand Weapons
 a - a +0 short sword of electrocution
 c - the +9 hunting sling of Qopho {vorpal, rC++, unknown}
   (You found it on level 8 of the Dungeon)

   Any stone fired from it inflicts extra damage.
   It greatly protects you from cold.
 f - a +0 dagger of holy wrath (weapon)
 l - a +0 short sword of protection
 n - a +1 vorpal longbow
 q - a +2 dagger of venom
 s - the +9 staff of Olgreb {rPois∞}
   (You found it on level 10 of the Dungeon)

   It grants immunity to poison.
 w - a +1 long sword of draining
 z - a +1 rapier of distortion
 I - a +4 scimitar of flaming
 L - the +5 quick blade of Honour {flame, rElec rC+ Stlth+}
   (Okawaru gifted it to you on level 10 of the Dungeon)

   It has been specially enchanted to burn those struck by it, causing extra
   injury to most foes and up to half again as much damage against particularly
   susceptible opponents.
   It protects you from cold.
   It insulates you from electricity.
   It makes you more stealthy.
 N - a +2 dagger of venom
Armour
 b - a +0 leather armour
 i - a +2 chain mail of willpower
 p - +0 pearl dragon scales (worn)
 r - a +0 hat
 u - a +2 ring mail of fire resistance
Jewellery
 g - an amulet of regeneration (around neck)
 k - an uncursed ring of ice
 v - an uncursed amulet of magic regeneration
Wands
 h - a wand of iceblast (8)
 y - a wand of random effects (45)
 B - a wand of polymorph (15)
 F - a wand of paralysis (17)
Scrolls
 d - 6 scrolls of identify
 e - 3 scrolls of teleportation
 t - 3 scrolls of enchant armour
 x - 13 scrolls of remove curse
 A - 4 scrolls of blinking
 G - 4 scrolls of enchant weapon
 H - a scroll of fog
 J - a scroll of magic mapping
Potions
 j - a potion of curing
 m - 2 potions of lignification
 o - a potion of heal wounds
 C - a potion of brilliance
 D - 2 potions of berserk rage
 E - a potion of degeneration {unknown}
 K - a potion of experience {unknown}
 M - a potion of might {unknown}


   Skills:
 * Level 12.1 Fighting
 - Level 17.0 Short Blades
 - Level 6.0 Armour
 - Level 5.0 Dodging
 - Level 2.0 Stealth
 - Level 2.0 Shields


You had 11 spell levels left.
You didn't know any spells.
Your spell library contained the following spells:

 Spells                   Type           Power        Failure   Level
 Animate Skeleton         Necr           0%           71%         1
 Freeze                   Ice            0%           71%         1
 Pain                     Necr           0%           71%         1
 Frozen Ramparts          Ice            0%           97%         3
 Ozocubu's Armour         Ice            0%           97%         3
 Vampiric Draining        Necr           0%           97%         3
 Animate Dead             Necr           0%           100%        4
 Cause Fear               Hex            0%           100%        4
 Hailstorm                Conj/Ice       0%           100%        4
 Summon Ice Beast         Ice/Summ       0%           100%        4
 Agony                    Necr           0%           100%        5
 Borgnjor's Vile Clutch   Necr/Erth      0%           100%        5
 Silence                  Hex/Air        0%           100%        5
 Yara's Violent Unravell  Hex/Tmut       0%           100%        5
 Death Channel            Necr           0%           100%        6
 Simulacrum               Ice/Necr       0%           100%        6
 Discord                  Hex            0%           100%        8


Dungeon Overview and Level Annotations

Branches:
Dungeon (11/15)            Temple (1/1) D:5            Lair (1/6) D:11
    Orc: D:9-12

Altars:
Ashenzari
Cheibriados
Dithmenos
Elyvilon
Fedhas
Gozag
Hepliaklqana
Kikubaaqudgha
Makhleb
Nemelex Xobeh
Okawaru
Qazlal
Ru
Sif Muna
Trog
Uskayaw
Vehumet
Wu Jian
Xom
Yredelemnul
Zin
The Shining One

Shops:
D:7 (

Portals:
Trove: D:10 (give 4 scrolls of fear)

Annotations:
D:3 3 runed translucent doors, Clumpoid's ghost, amateur GnFi
D:10 1 runed translucent door
Abyss:1 Grum


Innate Abilities, Weirdness & Mutations

You reflexively headbutt those who attack you in melee.
You have a pair of horns on your head.
You are partially covered in icy blue scales. (AC +2)
You are partially covered in large bone plates. (SH +4)
Scrolls take you a little longer to read.
You possess an exceptional clarity of mind.
Your movements are slightly less encumbered by armour. (ER -2)


Message History

You hear a bark!
Really walk into that cloud of blessed fire? [Y]es or [N]o only, please.
Really walk into that cloud of blessed fire?
A raiju comes into view.
You are engulfed in blessed fire.
The raiju barks!
The ophan calls forth blessed flames!
Blessed fire suddenly surrounds you!
You are engulfed in blessed fire.
* * * LOW HITPOINT WARNING * * *
The yak is engulfed in blessed fire.
You block the yak's attack.
The raiju bursts into living lightning!
The living lightning hits you!!
* * * LOW HITPOINT WARNING * * *
The raiju blinks!
The yak is engulfed in blessed fire.
A bone dragon comes into view.
The hellion gestures at you.
The sphere of damnation explodes!
The damnation engulfs you!!
You die...

..#.# #####...#
###.......#
..........##
....#....#.#.
..........# .
..#.....∩.#.
...2...@.#.#
D...#.S..#.#
...2.x§Y§.#
###...§§§#h# #
##############§§###
. ...##°
☼#....§§#.# #.. .°.
.2#.#..#..#
......##...G##.##.#
. #.#. #..#...#
#.###


You could see a bone dragon, a worldbinder, a black mamba (summoned), a yak, 2
hellions and a raiju.

Vanquished Creatures
  Harold (D:9)
  3 two-headed ogres
  Erica (D:11)
  A tengu warrior (D:10)
  2 unseen horrors (D:10)
  Pikel (D:5)
  3 ugly things
  A gargoyle (D:10)
  2 komodo dragons
  2 trolls
  A large abomination (Abyss:3)
  17 yaks
  5 soldier ants (D:10)
  4 water moccasins
  3 orc warriors
  A sky beast (D:7)
  3 ice beasts
  2 phantoms
  A black bear (D:9)
  An eye of draining (D:10)
  5 ogres
  2 wolves (D:8)
  3 centaurs
  2 big kobolds
  6 bullfrogs
  2 scorpions
  9 killer bees (D:10)
  3 wights (D:10)
  3 quasits
  7 hounds
  4 jellies
  2 bullfrog zombies
  A gnoll shaman (D:7)
  A centaur skeleton (D:10)
  6 orc priests
  4 iguanas
  9 orc wizards
  12 worker ants
  A hound zombie (D:9)
  6 gnolls
  15 adders
  A white imp (D:7)
  An ufetubus (D:6)
  An ooze (D:3)
  3 adder skeletons
  An adder zombie (D:8)
  7 worms
  4 dart slugs
  4 leopard geckos
  40 orcs
  4 bats
  4 giant cockroaches
  6 goblins
  9 hobgoblins
  9 jackals
  5 quokkas
  9 frilled lizards
  A jackal skeleton (D:8)
  A jackal zombie (D:8)
  10 kobolds
  A leopard gecko zombie (D:8)
  A quokka skeleton (D:4)
  6 rats
286 creatures vanquished.

Vanquished Creatures (others)
  8 plants
8 creatures vanquished.

Grand Total: 294 creatures vanquished

Notes
Turn   | Place    | Note
-------+----------+-------------------------------------------
     0 | D:1      | Frask the Minotaur Monk began the quest for the Orb.
     0 | D:1      | Reached XP level 1. HP: 19/19 MP: 0/0
   226 | D:1      | Reached XP level 2. HP: 26/26 MP: 1/1
   711 | D:2      | Reached skill level 4 in Short Blades
   745 | D:2      | Found a hazy altar of Hepliaklqana.
   827 | D:2      | Reached XP level 3. HP: 31/31 MP: 2/2
  1713 | D:2      | Reached XP level 4. HP: 39/39 MP: 3/3
  2000 | D:3      | Noticed a centaur
  2010 | D:3      | Killed a centaur
  2011 | D:3      | Reached skill level 5 in Short Blades
  2011 | D:3      | Reached XP level 5. HP: 27/45 MP: 4/4
  2054 | D:3      | Found a runed translucent gate.
  2054 | D:3      | Found a runed translucent gate.
  2054 | D:3      | Found an opulent altar of Gozag.
  2054 | D:3      | Found a runed translucent gate.
  2058 | D:3      | Noticed Clumpoid's ghost (amateur GnFi)
  2139 | D:3      | Reached skill level 5 in Dodging
  2378 | D:3      | Found an opulent altar of Gozag.
  2819 | D:4      | Reached skill level 6 in Short Blades
  2819 | D:4      | Reached skill level 1 in Armour
  2853 | D:4      | Reached XP level 6. HP: 38/51 MP: 5/5
  3161 | D:4      | You fall into a shaft and drop 3 floors!
  3167 | D:7      | Noticed an ice beast
  3295 | D:7      | Noticed an ice beast
  3306 | D:6      | Killed an ice beast
  3307 | D:6      | Reached skill level 7 in Short Blades
  3307 | D:6      | Reached XP level 7. HP: 33/57 MP: 6/6
  3392 | D:6      | Found a burning altar of Makhleb.
  3401 | D:5      | Entered Level 5 of the Dungeon
  3811 | D:5      | Noticed Pikel
  3833 | D:5      | Killed Pikel
  3834 | D:5      | Reached skill level 8 in Short Blades
  3834 | D:5      | Reached skill level 5 in Armour
  3834 | D:5      | Reached XP level 8. HP: 32/64 MP: 7/7
  3895 | D:5      | Found a staircase to the Ecumenical Temple.
  3911 | D:5      | Got a fabulously ornate robe
  3917 | Temple   | Entered the Ecumenical Temple
  4233 | D:5      | Reached skill level 9 in Short Blades
  4423 | D:5      | Found a basalt altar of Yredelemnul.
  4782 | D:6      | Found a sparkling altar of Nemelex Xobeh.
  5468 | D:7      | Reached skill level 5 in Fighting
  5471 | D:7      | Reached skill level 10 in Short Blades
  5625 | D:7      | Found Ajaxukk's Antique Weapon Boutique.
  5678 | D:7      | Reached XP level 9. HP: 35/74 MP: 8/8
  5796 | D:7      | Bought a glowing rapier for 175 gold pieces
  5904 | D:7      | Found an iron altar of Okawaru.
  5905 | D:7      | Found a bloodstained altar of Trog.
  5920 | D:7      | Became a worshipper of Warmaster Okawaru
  5920 | D:7      | Reached * piety under Okawaru
  5920 | D:7      | Reached ** piety under Okawaru
  6002 | D:7      | Reached skill level 11 in Short Blades
  6257 | D:8      | Noticed a two-headed ogre
  6276 | D:8      | Killed a two-headed ogre
  6277 | D:8      | Reached skill level 12 in Short Blades
  6344 | D:8      | Noticed Grum
  6367 | D:8      | Banished Grum
  6368 | D:8      | Reached skill level 13 in Short Blades
  6566 | D:8      | Got a faintly glowing hunting sling
  7169 | D:9      | Reached *** piety under Okawaru
  7170 | D:9      | Reached XP level 10. HP: 81/81 MP: 9/9
  7558 | D:9      | Reached skill level 14 in Short Blades
  7579 | D:9      | Found a broken altar of Ashenzari.
  7604 | D:9      | Noticed Harold
  7655 | D:9      | Gained mutation: You are partially covered in icy blue
                  | scales. (AC +2) [potion of mutation]
  7655 | D:9      | Gained mutation: Scrolls take you a little longer to read.
                  | [potion of mutation]
  7655 | D:9      | Gained mutation: You are robust. (+10% HP) [potion of
                  | mutation]
  7655 | D:9      | Gained mutation: Your muscles are strong. (Str +2) [potion
                  | of mutation]
  7684 | D:9      | Killed Harold
  7684 | D:9      | Reached **** piety under Okawaru
  8127 | D:10     | Entered Level 10 of the Dungeon
  8156 | D:10     | Noticed a tengu warrior
  8170 | D:10     | Killed a tengu warrior
  8171 | D:10     | Reached skill level 15 in Short Blades
  8229 | D:10     | Noticed a cyan ugly thing
  8255 | D:10     | Killed a cyan ugly thing
  8412 | D:10     | Noticed a two-headed ogre
  8420 | D:10     | Killed a two-headed ogre
  8421 | D:10     | Reached skill level 16 in Short Blades
  8421 | D:10     | Reached XP level 11. HP: 74/94 MP: 10/10
  8509 | D:10     | Reached ***** piety under Okawaru
  8556 | D:10     | Noticed a two-headed ogre
  8563 | D:10     | Found a portal to a secret trove of treasure.
  8599 | D:10     | Noticed a harpy
  8608 | D:10     | Found the +9 staff of Olgreb {rPois∞}
  8703 | D:10     | Received a gift from Okawaru
  8739 | D:10     | Found a runed translucent gate.
  8739 | D:10     | Found a runed translucent gate.
  8740 | D:10     | Found a runed translucent door.
  8751 | D:10     | Found a runed translucent gate.
  8759 | D:10     | Found a runed translucent door.
  8779 | D:10     | Found a transporter.
  8779 | D:10     | Found a transporter.
  8791 | D:10     | Banished a harpy
  8793 | D:10     | Killed an unseen horror
  8803 | D:10     | Killed a two-headed ogre
  8907 | D:10     | Killed an unseen horror
  8908 | D:10     | Reached skill level 17 in Short Blades
  9109 | D:10     | Lost mutation: You are robust. (+10% HP) [potion of
                  | mutation]
  9109 | D:10     | Lost mutation: Your muscles are strong. (Str +2) [potion of
                  | mutation]
  9109 | D:10     | Gained mutation: Your movements are slightly less
                  | encumbered by armour. (ER -2) [potion of mutation]
  9109 | D:10     | Gained mutation: You are partially covered in large bone
                  | plates. (SH +4) [potion of mutation]
  9109 | D:10     | Gained mutation: You possess an exceptional clarity of
                  | mind. [potion of mutation]
  9542 | D:10     | Received a gift from Okawaru
  9568 | D:10     | Reached skill level 1 in Shields
  9595 | D:10     | Got a masterwork quick blade {god gift}
  9836 | D:11     | Found a staircase to the Lair.
 10131 | D:11     | Found an iron altar of Okawaru.
 10158 | D:11     | Noticed a green ugly thing
 10167 | D:11     | Killed a green ugly thing
 10168 | D:11     | Reached skill level 10 in Fighting
 10182 | D:11     | Noticed a green ugly thing
 10196 | D:11     | Killed a green ugly thing
 10289 | D:11     | Noticed Erica
 10310 | D:11     | Killed Erica
 10311 | D:11     | Reached XP level 12. HP: 50/108 MP: 11/11
 10534 | Lair:1   | Entered Level 1 of the Lair of Beasts
 10903 | Lair:1   | Received a gift from Okawaru
 10982 | Lair:1   | Identified the +5 quick blade of Honour {flame, rElec rC+
                  | Stlth+} (Okawaru gifted it to you on level 10 of the
                  | Dungeon)
 10982 | Lair:1   | Cast into level 3 of the Abyss (unwielding a weapon of
                  | distortion)
 11101 | Abyss:3  | Noticed a blizzard demon
 11120 | Abyss:3  | Noticed an ophan
 11129 | Abyss:3  | Noticed a bone dragon
 11129 | Abyss:3  | Killed from afar by a hellion

Illustrated notes

Levels and vault maps discovered:
D:1:      roderic_crop_circles_arrival_small, layout_rooms, minmay_heptomino_d4
D:2:      cheibrodos_helix_gallery, layout_basic, lemuel_doored_altar,
          minmay_door_square, minmay_close_crescents
D:3:      layout_loops_ring, nicolae_gozag_cash_rules_everything_around_me,
          ebering_ghost_gozag
D:4:      layout_loops_ring
D:5:      layout_loops_ring, minmay_temple_entry_mini_moons, basic_altar,
          uniq_pikel
D:6:      layout_layer_cave, grunt_temple_overflow_open
D:7:      minmay_klotski, layout_cave_pools, grunt_temple_overflow_bloody_war,
          serial_shops, kennysheep_mini
D:8:      layout_basic, uniq_grum
D:9:      layout_cave_pods, ashenzari_altar_1, uniq_harold
D:10:     gammafunk_the_bubble [the_bubble_gammafunk_split], layout_cave_pools,
          enter_trove_1, skrybe_limestone_x,
          minmay_guarded_unrand_staff_of_olgreb
D:11:     layout_basic, david_lair_shrubbed, gauntlet_entry_generic,
          okawaru_ov_weapons_minmay, uniq_erica
Temple:   regret_index_temple_generic_petals
Lair:1:   layout_cave_pods, lemuel_fruit_fields, grunt_megastairs_3,
          minmay_lair_oklob_chamber, lemuel_fruit_fields, lemuel_fruit_fields,
          serial_bayou_shore_b, uniq_maggie
Abyss:3:  base: D:2, grunt_abyss_exit_deep_breaths,
          evilmike_nicolae_abyss_rune_containment_curve

Skill      XL: |  1  2  3  4  5  6  7  8  9 10 11 12 |
---------------+-------------------------------------+-----
Stealth        | 2 |  2.0
Short Blades   | 4 5 6 7 8 10 13 16 17 | 17.0
Dodging        | 4 5 |  5.0
Armour         | 1 3 5 6 |  6.0
Fighting       | 5 10 12 | 12.1
Shields        | 2 |  2.0

Action                   |  1- 3 |  4- 6 |  7- 9 | 10-12 || total
-------------------------+-------+-------+-------+-------++-------
Melee: Short sword       |    60 |    22 |       |       ||    82
       Headbutt          |    15 |    28 |    40 |    91 ||   174
       Dagger            |    61 |   121 |   192 |       ||   374
       Rapier            |       |       |   109 |   415 ||   524
       Quick blade       |       |       |       |    15 ||    15
  Use: Scroll            |     2 |     1 |     2 |     6 ||    11
       Potion            |       |       |       |    10 ||    10
 Stab: Sleeping          |     2 |     5 |     2 |       ||     9
       Distracted        |       |     1 |       |       ||     1
Armor: Leather armour    |    11 |    18 |    15 |       ||    44
       Pearl dragon scal |       |       |    40 |   123 ||   163
       Skin              |       |       |       |     5 ||     5
Dodge: Dodged            |    65 |    75 |   141 |   161 ||   442
Block: Other             |       |       |       |    23 ||    23

Table legend: (Time is in decaauts)
 A = Elapsed time spent in this place.
 B = Non-inter-level travel time spent in this place.
 C = Inter-level travel time spent in this place.
 D = Time resting spent in this place.
 E = Time spent auto-exploring this place.
 F = Levels seen in this place.
 G = Mean time per level.
                   A        B        C        D        E       F      G
               +--------+--------+--------+--------+--------+-----+--------+
         Total |  10708 |  10354 |    354 |   1001 |   6840 |  14 |  764.9 |
       Dungeon |   9893 |   9540 |    353 |    949 |   6335 |  11 |  899.4 |
        Temple |    255 |    255 |      0 |      0 |    184 |   1 |  255.0 |
          Lair |    423 |    423 |      0 |     52 |    255 |   1 |  423.0 |
         Abyss |    135 |    135 |      0 |      0 |     66 |   1 |  135.0 |
               +--------+--------+--------+--------+--------+-----+--------+

Top non-repeatable levels by time:
    D:10: 1434 daAuts
     D:3: 1045 daAuts
     D:2: 1025 daAuts
     D:9: 950 daAuts
     D:8: 939 daAuts
     D:6: 864 daAuts
    D:11: 822 daAuts
     D:5: 801 daAuts
     D:7: 786 daAuts
     D:1: 699 daAuts
     D:4: 525 daAuts
  Lair:1: 423 daAuts
  Temple: 255 daAuts
 Abyss:3: 135 daAuts
